 Dungeon Crawl Stone Soup version 0.20-a0-967-g62cfa5d (webtiles) character file.

266 Lifeless the Skirmisher (level 6, 0/47 HPs)
             Began as a Human Wanderer on Apr 7, 2017.
             Slain by Grinder (6 damage)
             ... while paralysed by Grinder
             ... on level 4 of the Dungeon.
             The game lasted 00:18:03 (4240 turns).

Lifeless the Skirmisher (Human Wanderer)            Turns: 4240, Time: 00:18:04

Health: 0/47       AC:  9    Str: 11    XL:     6   Next: 44%
Magic:  9/9        EV:  2    Int: 13    God:
Gold:   144        SH:  0    Dex: 15    Spells: 9/9 levels left

rFire    . . .     SeeInvis .   p - +1 hand axe (freeze)
rCold    . . .     Gourm    .   v - +0 shield
rNeg     . . .     Faith    .   y - +0 ring mail
rPois    .         Spirit   .   (no helmet)
rElec    .         Reflect  .   n - +0 cloak
rCorr    .         Harm     .   x - +0 pair of gloves
MR       .....                  G - +0 pair of boots
Stlth    +.........             (no amulet)
Regen    0.2/turn               (no ring)
MPRegen  0.2/turn               (no ring)

@: paralysed
A: no striking features
a: no special abilities


You were on level 4 of the Dungeon.
You were hungry.

You visited 2 branches of the dungeon, and saw 5 of its levels.

You collected 144 gold pieces.

Inventory:

Hand Weapons
 p - a +1 hand axe of freezing (weapon)
Armour
 k - a +0 plate armour
 n - a +0 cloak (worn)
 v - a +0 shield (worn)
 x - a +0 pair of gloves (worn)
 y - a +0 ring mail (worn)
 G - a +0 pair of boots (worn)
 H - a +2 scale mail of fire resistance
Jewellery
 w - an uncursed ring of fire
Wands
 s - a wand of acid (3/15)
 A - a wand of polymorph (7/24)
 F - a wand of lightning (8/15)
Scrolls
 a - 3 scrolls of remove curse
 i - a scroll of fear {unknown}
 j - a scroll of enchant armour {unknown}
 l - 2 scrolls of noise {unknown}
 m - a scroll of amnesia {unknown}
 q - a scroll of recharging {unknown}
 t - 3 scrolls of magic mapping {unknown}
Potions
 d - a potion of lignification
 e - a potion of invisibility {unknown}
 g - a potion of cancellation {unknown}
 h - 2 potions of brilliance
 o - a potion of degeneration {unknown}
 r - 2 potions of resistance {unknown}
 u - a potion of flight {unknown}
 z - a potion of agility {unknown}
 B - a potion of heal wounds
 C - a potion of haste {unknown}
 E - 2 potions of curing {unknown}
Comestibles
 b - 4 meat rations
 c - a royal jelly
 f - 6 bread rations


   Skills:
 + Level 3.4 Fighting
 * Level 2.8 Axes
 - Level 2.0 Throwing
 + Level 2.8 Armour
 + Level 2.9 Dodging
 - Level 2.0 Spellcasting
   Level 2.0 Earth Magic
   Level 1.0 Poison Magic


You had 9 spell levels left.
You didn't know any spells.

Dungeon Overview and Level Annotations

Branches:
Dungeon (4/15)             Temple (1/1) D:4

Altars:
Cheibriados
Dithmenos
Elyvilon
Fedhas
Hepliaklqana
Kikubaaqudgha
Makhleb
Nemelex Xobeh
Qazlal
Ru
Sif Muna
Uskayaw
Xom
Zin

Annotations:
D:4 Grinder


Message History

You barely resist. You hit Grinder.
Grinder is almost dead.
Grinder says, "I used to sell toenails on the black market."
Grinder blinks!
Grinder hits you.
You hit Grinder but do no damage.
Grinder is severely wounded.
Grinder gestures at you.
You suddenly lose the ability to move!
Grinder gestures at you. Pain shoots through your body! Grinder hits you.
* * * LOW HITPOINT WARNING * * *
You writhe in agony.
* * * LOW HITPOINT WARNING * * *
Grinder hits you.
* * * LOW HITPOINT WARNING * * *
You writhe in agony.
You die...

#.# #.##......
#.#####.##......
#.#......#.....
##...............
..#####...............>
.....>.................
##..#..#..........#...#
# .#..#...(.>..5.#####
...##........@.#
.................#
###..###..........# #..
#..........# #..
#..........# #.#
.#..........#
#..(....(....#
##.#...(....##
#.##......##


You could see Grinder.

Vanquished Creatures
  A howler monkey (D:4)
  2 hounds (D:4)
  A bullfrog skeleton (D:3)
  A worker ant (D:4)
  A gnoll (D:1)
  3 adders
  3 worms
  A dart slug (D:1)
  3 leopard geckos
  An orc (D:3)
  4 giant cockroaches
  14 goblins
  6 hobgoblins
  2 jackals (D:1)
  4 kobolds
  2 ball pythons (D:2)
  6 bats
  3 frilled lizards
  3 leopard gecko skeletons (D:4)
  9 rats
70 creatures vanquished.

Notes
Turn   | Place    | Note
-------+----------+-------------------------------------------
     0 | D:1      | Lifeless the Human Wanderer began the quest for the Orb.
     0 | D:1      | Lifeless set off with: a curare-tipped needle, a +2 blowgun, a +0 spear, a potion of lignification, a +0 robe, a bread ration
     0 | D:1      | Reached XP level 1. HP: 16/16 MP: 3/3
   192 | D:1      | Reached XP level 2. HP: 15/22 MP: 5/5
   323 | D:1      | Reached skill level 1 in Dodging
   631 | D:1      | Reached XP level 3. HP: 28/28 MP: 6/6
  1689 | D:2      | Reached XP level 4. HP: 34/34 MP: 7/7
  2013 | D:2      | Reached skill level 1 in Axes
  2718 | D:3      | Reached skill level 3 in Fighting
  2718 | D:3      | Reached XP level 5. HP: 39/41 MP: 8/8
  3122 | D:3      | Found a shadowy altar of Dithmenos.
  3732 | D:4      | Found a staircase to the Ecumenical Temple.
  3739 | Temple   | Entered the Ecumenical Temple
  3868 | D:4      | Reached XP level 6. HP: 26/47 MP: 9/9
  4015 | D:4      | Found a white marble altar of Elyvilon.
  4190 | D:4      | Noticed Grinder
  4216 | D:4      | Paralysed by Grinder for 5 turns
  4238 | D:4      | Paralysed by Grinder for 4 turns
  4240 | D:4      | Slain by Grinder

Vault maps used:
D:1:      eino_arrival_water_star, serial_park_tiny_pond
D:2:      first_bread
D:3:      nicolae_dithmenos_through_a_glass_darkly
D:4:      minmay_temple_entry_junction_2, elyvilon_altar_3, uniq_grinder
Temple:   cyrus_circular_temple

Skill      XL: |  1  2  3  4  5 |
---------------+----------------+-----
Dodging        | 1 2 |  2.9
Armour         | 2 |  2.8
Axes           | 1 2 |  2.8
Fighting       | 3 |  3.4
Throwing       | |  2.0
Spellcasting   | |  2.0
Earth Magic    | |  2.0
Poison Magic   | |  1.0

Action                   |  1- 3 |  4- 6 || total
-------------------------+-------+-------++-------
Melee: Dagger            |    96 |       ||    96
       Spear             |    10 |       ||    10
       Hand axe          |     3 |   153 ||   156
Throw: Tomahawk          |       |    12 ||    12
  Use: Potion            |     1 |     1 ||     2
       Scroll            |       |     2 ||     2
 Stab: Sleeping          |     1 |       ||     1
  Eat: Chunk             |     2 |     8 ||    10
Armor: Robe              |    25 |     7 ||    32
       Leather armour    |       |     4 ||     4
       Ring mail         |       |    31 ||    31
Dodge: Dodged            |    53 |    66 ||   119
Block: Shield            |       |    19 ||    19
